 Dungeon Crawl Stone Soup version 0.23-a0-143-g1adec7b (webtiles) character file.

234 Amnesiac the Chiller (level 5, -17/35 HPs)
             Began as a Mummy Ice Elementalist on Sept 3, 2018.
             Demolished by an ogre
             ... wielding a +0 giant club
              (26 damage)
             ... on level 4 of the Dungeon.
             The game lasted 00:05:16 (1522 turns).

Amnesiac the Chiller (Mummy Ice Elementalist)       Turns: 1522, Time: 00:05:17

Health: -17/35     AC:  7    Str: 11    XL:     5   Next: 75%
Magic:  0/12       EV: 10    Int: 16    God:
Gold:   86         SH:  0    Dex: 12    Spells: 1/13 levels left

rFire    x . .     SeeInvis .   e - +0 mace
rCold    + . .     Gourm    .   (no shield)
rNeg     + + +     Faith    .   d - +0 ring mail (curse)
rPois    ∞         Spirit   .   b - +1 helmet
rElec    .         Reflect  .   (no cloak)
rCorr    .         Harm     .   (no gloves)
MR       .....                  (no boots)
Stlth    +.........             (no amulet)
HPRegen  0.11/turn              (no ring)
MPRegen  0.13/turn              (no ring)

@: very slightly contaminated
A: no food or potions, fire vulnerability, cold resistance 1, negative energy
resistance 3, torment resistance, unbreathing
a: no special abilities


You were on level 4 of the Dungeon.
You were not hungry.

You visited 1 branch of the dungeon, and saw 4 of its levels.
You also visited: Sewer.

You collected 86 gold pieces.

Inventory:

Hand Weapons
 e - a +0 mace (weapon)
Armour
 a - a +0 robe
 b - a +1 helmet (worn)
 d - a cursed +0 ring mail (worn)
Scrolls
 c - a scroll of identify {!r}


   Skills:
 - Level 1.5 Dodging
 - Level 1.5 Stealth
 + Level 4.7 Spellcasting
 - Level 0.7 Conjurations
 * Level 4.7 Ice Magic


You had one spell level left.
You knew the following spells:

 Your Spells              Type           Power        Failure   Level  Hunger
a - Freeze                Ice            ###.         5%          1    N/A
b - Summon Ice Beast      Ice/Summ       ##......     82%         4    N/A
d - Throw Icicle          Conj/Ice       ##......     77%         4    N/A
z - Ozocubu's Armour      Chrm/Ice       ##......     41%         3    N/A

Your spell library contained the following spells:

 Spells                   Type           Power        Failure   Level  Hunger
 Throw Frost              Conj/Ice       ##....       19%         2    N/A

Dungeon Overview and Level Annotations

Branches:
Dungeon (4/15)
 Temple: D:4-7

Altars:


Innate Abilities, Weirdness & Mutations

You do not eat or drink.
Your flesh is vulnerable to fire.
You are immune to poison.
Your flesh is cold resistant. (rC+)
You are immune to negative energy. (rN+++)
You are immune to unholy pain and torment.
You can survive without breathing.


Message History

Aim: an ogre, wielding a giant club You miscast Throw Icicle.
You are very lightly contaminated with residual magic.
Smoke pours from your hands!
Casting: Throw Icicle (very dangerous; 77% risk of failure)
Confirm with . or Enter, or press ? or * to list all spells.
The spell is very dangerous to cast (77% risk of failure)!
Continue anyway? [Y]es or [N]o only, please.
The spell is very dangerous to cast (77% risk of failure)!
Continue anyway?
Aiming: Throw Icicle (very dangerous; 77% risk of failure)
Press: ? - help, Shift-Dir - straight line, f/p - ogre
Aim: an ogre, wielding a giant club You miscast Throw Icicle.
Your skin tingles.
Casting: Throw Icicle (very dangerous; 77% risk of failure)
Confirm with . or Enter, or press ? or * to list all spells.
The spell is very dangerous to cast (77% risk of failure)!
Continue anyway? [Y]es or [N]o only, please.
The spell is very dangerous to cast (77% risk of failure)!
Continue anyway?
Aiming: Throw Icicle (very dangerous; 77% risk of failure)
Press: ? - help, Shift-Dir - straight line, f/p - ogre
Aim: an ogre, wielding a giant club You miscast Throw Icicle.
Smoke pours from your hands!
Casting: Throw Icicle (very dangerous; 77% risk of failure)
Confirm with . or Enter, or press ? or * to list all spells.
Aiming: Freeze (safe; 5% risk of failure)
Press: ? - help, Shift-Dir - straight line, f/p - ogre
Aim: an ogre, wielding a giant club (grey smoke)
You freeze the ogre.
The ogre is moderately wounded.
The ogre hits you with a giant club!!
Ouch! That really hurt!
* * * LOW HITPOINT WARNING * * *
Casting: Freeze (safe; 5% risk of failure)
Confirm with . or Enter, or press ? or * to list all spells.
You don't have enough magic to cast that spell.
Casting: Freeze (safe; 5% risk of failure)
Confirm with . or Enter, or press ? or * to list all spells.
Aiming: Freeze (safe; 5% risk of failure)
Press: ? - help, Shift-Dir - straight line, f/p - ogre
Aim: an ogre, wielding a giant club (moderately wounded)
You freeze the ogre.
The ogre is heavily wounded.
The ogre hits you with a giant club!
* * * LOW HITPOINT WARNING * * *
You see here a chain mail.
Casting: Freeze (safe; 5% risk of failure)
Confirm with . or Enter, or press ? or * to list all spells.
Aiming: Freeze (safe; 5% risk of failure)
Press: ? - help, Shift-Dir - straight line, f/p - ogre
Aim: an ogre, wielding a giant club (heavily wounded)
You freeze the ogre.
The ogre is severely wounded.
The ogre barely misses you.
Unknown command.
Casting: Freeze (safe; 5% risk of failure)
Confirm with . or Enter, or press ? or * to list all spells.
Aiming: Freeze (safe; 5% risk of failure)
Press: ? - help, Shift-Dir - straight line, f/p - ogre
Aim: an ogre, wielding a giant club (severely wounded)
You freeze the ogre.
The ogre is severely wounded.
The ogre hits you with a giant club!!
Ouch! That really hurt!
You die...

#############
#...........#
#####.###..####.#
#...@.###.......#
#.###O.....(.##.#
#.#........#.##.###
##[#.#......#......#
#................#.#
#.......###......#.#
###..#.##.##########†#
........#........#
#.##
#..#..#..#........#
#..##


You could see an ogre.

Vanquished Creatures
  Purgy (Sewer)
  An iguana (D:4)
  Natasha (D:3)
  6 adders
  A worm (D:3)
  2 leopard geckos
  2 giant cockroaches
  2 hobgoblins
  A kobold (D:1)
  3 ball pythons
  2 bats
  7 frilled lizards
  5 goblins
  2 quokka skeletons (D:4)
  4 rats
40 creatures vanquished.

Notes
Turn   | Place    | Note
-------+----------+-------------------------------------------
     0 | D:1      | Amnesiac the Mummy Ice Elementalist began the quest for the
                  | Orb.
     0 | D:1      | Reached XP level 1. HP: 13/13 MP: 4/4
   136 | D:1      | Reached XP level 2. HP: 12/19 MP: 0/5
   355 | D:3      | Reached XP level 3. HP: 23/24 MP: 0/7
   416 | D:3      | Noticed Natasha
   421 | D:3      | Found a glowing drain.
   436 | D:3      | Killed Natasha
   559 | Sewer    | Entered a sewer
   567 | Sewer    | Reached XP level 4. HP: 25/30 MP: 2/9
   573 | Sewer    | Learned a level 4 spell: Throw Icicle
   578 | Sewer    | Learned a level 4 spell: Summon Ice Beast
   739 | Sewer    | Noticed Purgy
   754 | Sewer    | Killed Purgy
   754 | Sewer    | Reached XP level 5. HP: 13/35 MP: 0/11
   759 | Sewer    | Learned a level 3 spell: Ozocubu's Armour
  1482 | D:4      | Noticed an ogre
  1522 | D:4      | Demolished by an ogre

Vault maps used:
D:1:      lightli_arrival_windingriver
D:2:      roderic_serpentine_path
D:3:      portal_sewer_entry_c, grunt_dithmenos_smoke_and_mirrors, uniq_natasha
D:4:      kennysheep_generic_room_11, uniq_duvessa
Sewer:    sewer_co_purgy_island

Skill      XL: |  1  2  3  4 |
---------------+-------------+-----
Spellcasting   | 3 4 |  4.7
Ice Magic      | 3 4 |  4.7
Dodging        | |  1.5
Stealth        | |  1.5
Conjurations   | |  0.7

Action                   |  1- 3 |  4- 6 || total
-------------------------+-------+-------++-------
Melee: Unarmed           |     7 |     7 ||    14
       Mace              |       |     4 ||     4
 Cast: Freeze            |    39 |    42 ||    81
  Use: Scroll            |       |     5 ||     5
Armor: Robe              |     8 |       ||     8
       Ring mail         |     1 |    23 ||    24
Dodge: Dodged            |    25 |    23 ||    48

Table legend:
 A = Non-vault XP
 B = Vault XP
 C = Vault XP percentage of total XP
 D = Non-vault monster count
 E = Vault monster count
 F = Vault count percentage of total count
                 A         B        C        D         E       F
            +---------+---------+-------+---------+---------+-------
      Total |     121 |     214 |  63.9 |      24 |      16 |  40.0
            +---------+---------+-------+---------+---------+-------
        D:1 |      16 |       0 |   0.0 |       9 |       0 |   0.0
        D:2 |       1 |       0 |   0.0 |       1 |       0 |   0.0
        D:3 |      35 |      46 |  56.8 |       7 |       7 |  50.0
        D:4 |      69 |       0 |   0.0 |       7 |       0 |   0.0
      Sewer |       0 |     168 | 100.0 |       0 |       9 | 100.0
            +---------+---------+-------+---------+---------+-------
